TOP OF THE 1ST |
Portland Angels batting - Pitching for Calgary Flames : RHP Antonio Reyes
|
Pitching: RHP Antonio Reyes
|
|
Batting: RHB Daniel Molina
|
0-0: Ground out 1-3 (Groundball, 13S, EV 75.0 MPH)
|
Batting: LHB Jonathon Walton
|
0-0: Foul Ball, location: 2F 0-1: Foul Ball, location: 2F 0-2: Strikes out swinging
|
Batting: LHB Dave Hicks
|
0-0: Ball 1-0: Foul Ball, location: 2F 1-1: Swinging Strike 1-2: Strikes out looking
|
Top of the 1st over - 0 runs, 0 hits, 0 errors, 0 left on base; Portland 0 - Calgary 0 |
BOTTOM OF THE 1ST |
Calgary Flames batting - Pitching for Portland Angels : LHP Adrian Orosco
|
Pitching: LHP Adrian Orosco
|
|
Batting: RHB Elias Vences
|
0-0: Called Strike 0-1: Foul Ball, location: 2F 0-2: Ball 1-2: Fly out, F6 (Popup, 6M, EV 63.8 MPH)
|
Batting: RHB Brian DeVoe
|
0-0: Ball 1-0: Ball 2-0: Ball 3-0: Called Strike 3-1: Called Strike 3-2: Base on Balls
|
Batting: RHB Eric McMillian
|
0-0: Ball 1-0: Ball 2-0: Called Strike 2-1: Ball 3-1: Base on Balls Brian DeVoe to second
|
Batting: RHB Mike MacLeod
|
0-0: Ball 1-0: Ball 2-0: SINGLE (Line Drive, 89S, EV 92.5 MPH) Brian DeVoe to third Eric McMillian to second Runner from 3rd tries for Home, SAFE, throw by RF to home
|
Batting: LHB Carlos Cuellar
|
0-0: Ball 1-0: Called Strike 1-1: Foul Ball, location: 2F 1-2: Grounds into double play, 6-4-3 (Groundball, 6, EV 86.2 MPH)
|
Bottom of the 1st over - 1 run, 1 hit, 0 errors, 1 left on base; Portland 0 - Calgary 1 |
TOP OF THE 2ND |
Portland Angels batting - Pitching for Calgary Flames : RHP Antonio Reyes
|
Batting: RHB Ricky Mejicanos
|
0-0: Ball 1-0: Called Strike 1-1: Swinging Strike 1-2: Ball 2-2: Strikes out looking
|
Batting: RHB Noah Pena
|
0-0: Ball 1-0: Ball 2-0: Foul Ball, location: 2F 2-1: Foul Ball, location: 2F 2-2: Foul Ball, location: 2F 2-2: Foul Ball, location: 2F 2-2: Foul Ball, location: 2F 2-2: SINGLE (Groundball, 34D, EV 95.0 MPH)
|
Batting: RHB Trevor Kingston
|
0-0: Ball 1-0: Called Strike 1-1: Foul Ball, location: 2F 1-2: Ball 2-2: Fly out, F7 (Flyball, 7S, EV 84.4 MPH)
|
Batting: RHB Dan Myers
|
0-0: Foul Ball, location: 2F 0-1: Ball 1-1: SINGLE (Groundball, 56S, EV 70.0 MPH) (infield hit) Noah Pena to second
|
Batting: RHB Sean Rocha
|
0-0: Called Strike 0-1: Ball 1-1: Called Strike 1-2: Ball 2-2: Strikes out looking
|
Top of the 2nd over - 0 runs, 2 hits, 0 errors, 2 left on base; Portland 0 - Calgary 1 |
BOTTOM OF THE 2ND |
Calgary Flames batting - Pitching for Portland Angels : LHP Adrian Orosco
|
Batting: RHB Adrian Cook
|
0-0: Foul Ball, location: 2F 0-1: Ball 1-1: Ball 2-1: Ball 3-1: Called Strike 3-2: Base on Balls
|
Batting: RHB Ryan Tatum
|
0-0: Ball 1-0: Called Strike 1-1: Ball Adrian Cook steals 2nd base 2-1: Ball 3-1: Called Strike 3-2: Base on Balls
|
Batting: LHB Justin Daley
|
0-0: Ball 1-0: Ball 2-0: Called Strike 2-1: SINGLE (Line Drive, 7LS, EV 106.9 MPH) Adrian Cook to third Ryan Tatum to second
|
Batting: LHB Lu-po-teh Zhou
|
0-0: Ball 1-0: Foul Ball, location: 2F 1-1: Swinging Strike 1-2: Grounds into double play, 4-6-3 (Groundball, 4, EV 85.6 MPH) Adrian Cook scores Ryan Tatum to third
|
Batting: RHB Elias Vences
|
0-0: Ball 1-0: SINGLE (Flyball, 3D, EV 89.4 MPH) - OUT at second base trying to stretch hit. Ryan Tatum scores
|
Bottom of the 2nd over - 2 runs, 2 hits, 0 errors, 0 left on base; Portland 0 - Calgary 3 |
TOP OF THE 3RD |
Portland Angels batting - Pitching for Calgary Flames : RHP Antonio Reyes
|
Batting: RHB Peter Westover
|
0-0: Ball 1-0: Swinging Strike 1-1: Called Strike 1-2: Ball 2-2: Ball 3-2: Strikes out swinging
|
Batting: RHB Daniel Molina
|
0-0: Ball 1-0: Swinging Strike 1-1: Foul Ball, location: 2F 1-2: Strikes out swinging
|
Batting: LHB Jonathon Walton
|
0-0: Foul Ball, location: 2F 0-1: Foul Ball, location: 2F 0-2: Strikes out swinging
|
Top of the 3rd over - 0 runs, 0 hits, 0 errors, 0 left on base; Portland 0 - Calgary 3 |
BOTTOM OF THE 3RD |
Calgary Flames batting - Pitching for Portland Angels : LHP Adrian Orosco
|
Batting: RHB Brian DeVoe
|
0-0: Ball 1-0: Ball 2-0: Ball 3-0: Base on Balls
|
Batting: RHB Eric McMillian
|
0-0: Called Strike 0-1: Ball 1-1: Foul Ball, location: 2F 1-2: Foul Ball, location: 2F 1-2: Ball Wild Pitch! Brian DeVoe to second 2-2: Foul Ball, location: 2F 2-2: Foul Ball, location: 2F 2-2: Ball 3-2: SINGLE (Groundball, 6M, EV 99.4 MPH) (infield hit) Brian DeVoe to third
|
Batting: RHB Mike MacLeod
|
0-0: Foul Ball, location: 2F 0-1: Foul Ball, location: 2F 0-2: SINGLE (Flyball, 4D, EV 93.8 MPH) Brian DeVoe scores Eric McMillian to second
|
Batting: LHB Carlos Cuellar
|
0-0: Swinging Strike 0-1: Foul Ball, location: 2F 0-2: Ball 1-2: 3-RUN HOME RUN (Flyball, 9D, EV 95.0 MPH), Distance : 358 ft
|
Pitching: RHP Rory Cobb
|
|
Batting: RHB Adrian Cook
|
0-0: Ball 1-0: Ball 2-0: Ball 3-0: Called Strike 3-1: Called Strike 3-2: Foul Ball, location: 2F 3-2: SINGLE (Line Drive, 56D, EV 105.0 MPH)
|
Batting: RHB Ryan Tatum
|
0-0: Ball 1-0: Foul Ball, location: 2F 1-1: Ball 2-1: 2-RUN HOME RUN (Flyball, 7D, EV 98.8 MPH), Distance : 415 ft
|
Batting: LHB Justin Daley
|
0-0: Ball 1-0: SINGLE (Groundball, 6S, EV 71.2 MPH) (infield hit)
|
Batting: LHB Lu-po-teh Zhou
|
0-0: Ball Wild Pitch! Justin Daley to second 1-0: Fly out, F7 (Flyball, 7LM, EV 98.8 MPH)
|
Batting: RHB Elias Vences
|
0-0: Called Strike 0-1: Ball 1-1: Called Strike 1-2: Ball 2-2: Ball 3-2: Base on Balls
|
Batting: RHB Brian DeVoe
|
0-0: Called Strike 0-1: Ball Wild Pitch! Justin Daley to third Elias Vences to second 1-1: Ball 2-1: Ball 3-1: Base on Balls
|
Batting: RHB Eric McMillian
|
0-0: Ball 1-0: Ball 2-0: Called Strike 2-1: SINGLE (Flyball, 8RS, EV 90.0 MPH) Justin Daley scores Elias Vences to third Brian DeVoe to second
|
Pitching: RHP Danny Gelinas
|
|
Batting: RHB Mike MacLeod
|
0-0: Ball 1-0: Ball 2-0: Called Strike 2-1: Ball 3-1: Base on Balls Elias Vences scores Brian DeVoe to third Eric McMillian to second
|
Batting: LHB Carlos Cuellar
|
0-0: Ball 1-0: Ball 2-0: Ball Wild Pitch! Brian DeVoe scores Eric McMillian to third Mike MacLeod to second 3-0: Called Strike 3-1: Called Strike 3-2: Foul Ball, location: 2F 3-2: 3-RUN HOME RUN (Flyball, 9LD, EV 98.8 MPH), Distance : 360 ft
|
Batting: RHB Adrian Cook
|
0-0: Ball 1-0: Ball 2-0: Foul Ball, location: 2F 2-1: Ball 3-1: Base on Balls
|
Batting: RHB Ryan Tatum
|
0-0: Foul Ball, location: 2F 0-1: Ball 1-1: Ball 2-1: Ball 3-1: Base on Balls Adrian Cook to second
|
Pitching: LHP Carlos Gonzales
|
|
Batting: LHB Justin Daley
|
0-0: Fielders Choice at 2nd, 2-6 (Groundball, 13S, EV 66.2 MPH) Adrian Cook to third
|
Batting: LHB Lu-po-teh Zhou
|
0-0: Ball Wild Pitch! Adrian Cook scores Justin Daley to second 1-0: Ball 2-0: Foul Ball, location: 2F 2-1: Foul Ball, location: 2F 2-2: Foul Ball, location: 2F 2-2: Foul Ball, location: 2F 2-2: Ball 3-2: SINGLE (Flyball, 4MD, EV 82.5 MPH) Justin Daley to third Runner from 3rd tries for Home, SAFE, throw by CF to home
|
Batting: RHB Elias Vences
|
0-0: Ball 1-0: Ground out 3-1 (Groundball, 34S, EV 86.9 MPH)
|
Bottom of the 3rd over - 14 runs, 9 hits, 0 errors, 1 left on base; Portland 0 - Calgary 17 |
TOP OF THE 4TH |
Portland Angels batting - Pitching for Calgary Flames : RHP Antonio Reyes
|
Batting: LHB Dave Hicks
|
0-0: Ball 1-0: Ball 2-0: Ball 3-0: Called Strike 3-1: Fly out, F7 (Flyball, 7D, EV 91.9 MPH)
|
Batting: RHB Ricky Mejicanos
|
0-0: Swinging Strike 0-1: Called Strike 0-2: Ball 1-2: Ball 2-2: Strikes out looking
|
Batting: RHB Noah Pena
|
0-0: Ball 1-0: Foul Ball, location: 2F 1-1: Swinging Strike 1-2: Ball 2-2: Strikes out looking
|
Top of the 4th over - 0 runs, 0 hits, 0 errors, 0 left on base; Portland 0 - Calgary 17 |
BOTTOM OF THE 4TH |
Calgary Flames batting - Pitching for Portland Angels : LHP Carlos Gonzales
|
Batting: RHB Brian DeVoe
|
0-0: Ball 1-0: Called Strike 1-1: Ball 2-1: Ball 3-1: Base on Balls
|
Batting: RHB Eric McMillian
|
0-0: SINGLE (Groundball, 56S, EV 72.5 MPH) (infield hit) Brian DeVoe to second
|
Batting: RHB Mike MacLeod
|
0-0: Called Strike 0-1: Ball 1-1: Called Strike 1-2: Ball 2-2: SINGLE (Groundball, 56, EV 99.4 MPH) (infield hit) Brian DeVoe to third Eric McMillian to second
|
Batting: LHB Carlos Cuellar
|
0-0: Called Strike 0-1: Ball 1-1: Ball 2-1: Fly out, F8 (Flyball, 78D, EV 86.2 MPH) Runner from 3rd tags up, SCORES, throw by CF Eric McMillian to third
|
Batting: RHB Adrian Cook
|
0-0: Ball 1-0: Called Strike 1-1: Ball 2-1: Ball 3-1: Base on Balls Mike MacLeod to second
|
Batting: RHB Ryan Tatum
|
0-0: Called Strike 0-1: Called Strike 0-2: Foul Ball, location: 2F 0-2: Ball Wild Pitch! Eric McMillian scores Mike MacLeod to third Adrian Cook to second 1-2: Foul Ball, location: 2F 1-2: Fly out, F3 (Popup, 3SF, EV 76.9 MPH)
|
Batting: LHB Justin Daley
|
0-0: Ball 1-0: Fly out, F8 (Flyball, 8LS, EV 88.8 MPH)
|
Bottom of the 4th over - 2 runs, 2 hits, 0 errors, 2 left on base; Portland 0 - Calgary 19 |
TOP OF THE 5TH |
Portland Angels batting - Pitching for Calgary Flames : RHP Antonio Reyes
|
Batting: RHB Trevor Kingston
|
0-0: Ball 1-0: Ball 2-0: Foul Ball, location: 2F 2-1: Swinging Strike 2-2: Strikes out looking
|
Batting: RHB Dan Myers
|
0-0: Ball 1-0: Foul Ball, location: 2F 1-1: Called Strike 1-2: Ball 2-2: Strikes out swinging
|
Batting: RHB Sean Rocha
|
0-0: Swinging Strike 0-1: Swinging Strike 0-2: Strikes out swinging
|
Top of the 5th over - 0 runs, 0 hits, 0 errors, 0 left on base; Portland 0 - Calgary 19 |
BOTTOM OF THE 5TH |
Calgary Flames batting - Pitching for Portland Angels : LHP Carlos Gonzales
|
Batting: LHB Lu-po-teh Zhou
|
0-0: Called Strike 0-1: Foul Ball, location: 2F 0-2: Foul Ball, location: 2F 0-2: Ball 1-2: SOLO HOME RUN (Flyball, 89XD, EV 107.5 MPH), Distance : 425 ft
|
Batting: RHB Elias Vences
|
0-0: Ball 1-0: Called Strike 1-1: Ball 2-1: Fly out, F3 (Popup, 34, EV 56.9 MPH)
|
Batting: RHB Brian DeVoe
|
0-0: Called Strike 0-1: Ball 1-1: Ball 2-1: Swinging Strike 2-2: Ball 3-2: Base on Balls
|
Batting: RHB Eric McMillian
|
Balk! Brian DeVoe to second 0-0: Ball 1-0: Called Strike 1-1: Ball 2-1: Foul Ball, location: 2F 2-2: Ball 3-2: Base on Balls
|
Batting: RHB Mike MacLeod
|
0-0: Foul Ball, location: 2F 0-1: Ball 1-1: Called Strike 1-2: Ball 2-2: Foul Ball, location: 2F 2-2: Foul Ball, location: 2F 2-2: Ball 3-2: Base on Balls Brian DeVoe to third Eric McMillian to second
|
Batting: LHB Carlos Cuellar
|
0-0: Ball 1-0: Ball 2-0: Ball 3-0: Base on Balls Brian DeVoe scores Eric McMillian to third Mike MacLeod to second
|
Batting: RHB Adrian Cook
|
0-0: Called Strike 0-1: Ball 1-1: Foul Ball, location: 2F 1-2: SINGLE (Groundball, 56S, EV 66.2 MPH) (infield hit) Eric McMillian scores Mike MacLeod to third Carlos Cuellar to second
|
Batting: RHB Ryan Tatum
|
0-0: Ball 1-0: Called Strike 1-1: Ball Wild Pitch! Mike MacLeod scores Carlos Cuellar to third Adrian Cook to second 2-1: SINGLE (Line Drive, 7S, EV 94.4 MPH) Carlos Cuellar scores Adrian Cook to third Runner from 3rd tries for Home, SAFE, throw by LF to home
|
Batting: LHB Justin Daley
|
0-0: Ball 1-0: SINGLE (Flyball, 8RS, EV 95.0 MPH) Ryan Tatum to second
|
Batting: LHB Lu-po-teh Zhou
|
0-0: Fly out, F6 (Popup, 6M, EV 70.6 MPH)
|
Batting: RHB Elias Vences
|
0-0: SINGLE (Groundball, 4M, EV 100.6 MPH) (infield hit) Ryan Tatum to third Justin Daley to second
|
Batting: RHB Brian DeVoe
|
0-0: Fielders Choice at 2nd, 6-4 (Groundball, 6, EV 85.0 MPH)
|
Bottom of the 5th over - 6 runs, 5 hits, 0 errors, 3 left on base; Portland 0 - Calgary 25 |
TOP OF THE 6TH |
Portland Angels batting - Pitching for Calgary Flames : RHP Antonio Reyes
|
Batting: RHB Peter Westover
|
0-0: SINGLE (Groundball, 6MD, EV 94.4 MPH)
|
Batting: RHB Daniel Molina
|
Pickoff Throw to First - Error! E1 Peter Westover to second 0-0: SINGLE (Line Drive, 89M, EV 99.4 MPH) Peter Westover to third
|
Batting: LHB Jonathon Walton
|
0-0: Ball 1-0: Called Strike 1-1: Foul Ball, location: 2F 1-2: Foul Ball, location: 2F 1-2: Foul Ball, location: 2F 1-2: Foul Ball, location: 2F 1-2: Foul Ball, location: 2F 1-2: Strikes out swinging Daniel Molina steals 2nd base (no throw) Batter strikes out.
|
Batting: LHB Dave Hicks
|
0-0: Swinging Strike 0-1: Foul Ball, location: 2F 0-2: Ball 1-2: Ground out 5-3 (Groundball, 56S, EV 65.0 MPH) Peter Westover scores Daniel Molina to third
|
Batting: RHB Ricky Mejicanos
|
0-0: Ball 1-0: Fly out, F4 (Popup, 4S, EV 77.5 MPH)
|
Top of the 6th over - 1 run, 2 hits, 1 error, 1 left on base; Portland 1 - Calgary 25 |
BOTTOM OF THE 6TH |
Calgary Flames batting - Pitching for Portland Angels : LHP Carlos Gonzales
|
Batting: RHB Eric McMillian
|
0-0: Fly out, F5 (Line Drive, 5, EV 68.1 MPH)
|
Batting: RHB Mike MacLeod
|
0-0: Ball 1-0: Ball 2-0: Ball 3-0: Base on Balls
|
Batting: LHB Carlos Cuellar
|
0-0: SINGLE (Line Drive, 7S, EV 103.8 MPH) Mike MacLeod to second
|
Batting: RHB Adrian Cook
|
0-0: Called Strike 0-1: Called Strike 0-2: Ball 1-2: Fly out, F9 (Line Drive, 9, EV 84.4 MPH)
|
Batting: RHB Ryan Tatum
|
0-0: Ball 1-0: Ground out 4-3 (Groundball, 4, EV 86.2 MPH)
|
Bottom of the 6th over - 0 runs, 1 hit, 0 errors, 2 left on base; Portland 1 - Calgary 25 |
TOP OF THE 7TH |
Portland Angels batting - Pitching for Calgary Flames : RHP Antonio Reyes
|
Batting: RHB Noah Pena
|
0-0: Called Strike 0-1: Ball 1-1: Swinging Strike 1-2: Ball 2-2: Foul Ball, location: 2F 2-2: Fly out, F6 (Popup, 4M, EV 54.4 MPH)
|
Batting: RHB Trevor Kingston
|
0-0: Called Strike 0-1: Called Strike 0-2: Foul Ball, location: 2F 0-2: Ground out 5-3 (Groundball, 56S, EV 71.2 MPH)
|
Batting: RHB Dan Myers
|
0-0: Ball 1-0: Called Strike 1-1: Swinging Strike 1-2: Ball 2-2: Ball 3-2: Fly out, F8 (Flyball, 8LD, EV 88.8 MPH)
|
Top of the 7th over - 0 runs, 0 hits, 0 errors, 0 left on base; Portland 1 - Calgary 25 |
BOTTOM OF THE 7TH |
Calgary Flames batting - Pitching for Portland Angels : LHP Carlos Gonzales
|
Batting: LHB Justin Daley
|
0-0: SINGLE (Flyball, 8RS, EV 95.6 MPH)
|
Batting: LHB Lu-po-teh Zhou
|
0-0: Ball 1-0: Ball 2-0: Ball 3-0: Base on Balls Justin Daley to second
|
Pinch Hitting: RHB Alex Collazo
|
0-0: Ball 1-0: Ball 2-0: Foul Ball, location: 2F 2-1: Ball 3-1: Base on Balls Justin Daley to third Lu-po-teh Zhou to second
|
Batting: RHB Brian DeVoe
|
0-0: Ball 1-0: Ball 2-0: Ball 3-0: Base on Balls Justin Daley scores Lu-po-teh Zhou to third Alex Collazo to second
|
Batting: RHB Eric McMillian
|
0-0: Foul Ball, location: 2F 0-1: Ball 1-1: Ball 2-1: Ball 3-1: Base on Balls Lu-po-teh Zhou scores Alex Collazo to third Brian DeVoe to second
|
Batting: RHB Mike MacLeod
|
0-0: Ball 1-0: Fly out, F8 (Flyball, 89XD, EV 90.6 MPH) Runner from 3rd tags up, SCORES, no throw by CF
|
Pinch Hitting: LHB Dean Luttman
|
0-0: Reached on error, E5 (Groundball, 5, EV 91.9 MPH) Brian DeVoe to third Eric McMillian to second
|
Batting: RHB Adrian Cook
|
0-0: Called Strike 0-1: Ball 1-1: GRAND SLAM HOME RUN (Flyball, 7D, EV 101.2 MPH), Distance : 413 ft
|
Batting: RHB Ryan Tatum
|
0-0: Ball 1-0: Fly out, F4 (Popup, 4MD, EV 73.1 MPH)
|
Batting: LHB Justin Daley
|
0-0: Ball 1-0: Ball 2-0: Ball 3-0: Called Strike 3-1: Base on Balls
|
Batting: LHB Lu-po-teh Zhou
|
0-0: Ball 1-0: Called Strike 1-1: Ball 2-1: Ball 3-1: Base on Balls Justin Daley to second
|
Batting: RHB Alex Collazo
|
0-0: Ball 1-0: Foul Ball, location: 2F 1-1: Ball 2-1: Swinging Strike 2-2: Foul Ball, location: 2F 2-2: Strikes out looking
|
Bottom of the 7th over - 7 runs, 2 hits, 1 error, 2 left on base; Portland 1 - Calgary 32 |
TOP OF THE 8TH |
Portland Angels batting - Pitching for Calgary Flames : RHP Antonio Reyes
|
Now in CF: Alex Collazo
|
|
Now in RF: Dean Luttman
|
|
Batting: RHB Sean Rocha
|
0-0: Ball 1-0: Swinging Strike 1-1: SINGLE (Groundball, 4MD, EV 96.2 MPH)
|
Pitching: LHP Bill Hussey
|
|
Batting: RHB Peter Westover
|
0-0: Called Strike 0-1: Ball 1-1: Swinging Strike 1-2: Ball 2-2: Foul Ball, location: 2F 2-2: Strikes out swinging
|
Batting: RHB Daniel Molina
|
0-0: Ball 1-0: Fly out, F8 (Flyball, 8RD, EV 97.5 MPH)
|
Batting: LHB Jonathon Walton
|
0-0: Ball 1-0: Called Strike 1-1: Foul Ball, location: 2F 1-2: Foul Ball, location: 2F 1-2: Foul Ball, location: 2F 1-2: Foul Ball, location: 2F 1-2: Strikes out swinging
|
Top of the 8th over - 0 runs, 1 hit, 0 errors, 1 left on base; Portland 1 - Calgary 32 |
BOTTOM OF THE 8TH |
Calgary Flames batting - Pitching for Portland Angels : LHP Carlos Gonzales
|
Batting: RHB Brian DeVoe
|
0-0: SINGLE (Line Drive, 9S, EV 91.9 MPH)
|
Batting: RHB Eric McMillian
|
0-0: Called Strike 0-1: Grounds into double play, 1-4-3 (Groundball, P, EV 63.1 MPH)
|
Batting: RHB Mike MacLeod
|
0-0: Ground out 1-3 (Groundball, 13S, EV 70.0 MPH)
|
Bottom of the 8th over - 0 runs, 1 hit, 0 errors, 0 left on base; Portland 1 - Calgary 32 |
TOP OF THE 9TH |
Portland Angels batting - Pitching for Calgary Flames : LHP Bill Hussey
|
Batting: LHB Dave Hicks
|
0-0: Called Strike 0-1: Ball 1-1: Foul Ball, location: 2F 1-2: Foul Ball, location: 2F 1-2: Strikes out swinging
|
Batting: RHB Ricky Mejicanos
|
0-0: Ball 1-0: Called Strike 1-1: Ball 2-1: Foul Ball, location: 2F 2-2: Strikes out swinging
|
Batting: RHB Noah Pena
|
0-0: Ball 1-0: Foul Ball, location: 2F 1-1: Ball 2-1: Ball 3-1: Swinging Strike 3-2: Foul Ball, location: 2F 3-2: Strikes out swinging
|
Top of the 9th over - 0 runs, 0 hits, 0 errors, 0 left on base; Portland 1 - Calgary 32 |
|